 Dungeon Crawl Stone Soup version 0.23.2-1-ga50397a6bc (webtiles) character file.

Game seed: 3981959255735809963

31 Mrkan the Chiller (level 3, -2/24 HPs)
             Began as a Merfolk Ice Elementalist on May 14, 2019.
             Slain by Terence
             ... wielding a +0 flail of crushing
              (3 damage)
             ... on level 1 of the Dungeon.
             The game lasted 00:03:57 (1289 turns).

Mrkan the Chiller (Merfolk Ice Elementalist)        Turns: 1289, Time: 00:03:57

Health: -2/24      AC:  2    Str:  8    XL:     3   Next: 22%
Magic:  0/6        EV: 13    Int: 15    God:
Gold:   58         SH:  0    Dex: 14    Spells: 5/6 levels left

rFire    . . .     SeeInvis .   (no weapon)
rCold    . . .     Gourm    .   (no shield)
rNeg     . . .     Faith    .   a - +0 robe
rPois    .         Spirit   .   (no helmet)
rElec    .         Reflect  .   (no cloak)
rCorr    .         Harm     .   (no gloves)
MR       .....                  (no boots)
Stlth    ++........             (no amulet)
HPRegen  0.08/turn              (no ring)
MPRegen  0.10/turn              (no ring)

@: no status effects
A: change form in water, swift swim, stealthy swim
a: no special abilities


You were on level 1 of the Dungeon.
You were near starving.

You visited 1 branch of the dungeon, and saw 2 of its levels.

You collected 58 gold pieces.

Inventory:

Armour
 a - a +0 robe (worn)
Scrolls
 b - a scroll of teleportation {unknown}
 d - a scroll of amnesia {unknown}
 f - 2 scrolls of identify {unknown}
 g - a scroll of enchant armour {unknown}
 i - 2 scrolls of remove curse {unknown}
Potions
 e - a potion of agility {unknown}
 h - a potion of degeneration {unknown}
 j - 2 potions of curing {unknown}
 k - a potion of mutation {unknown}
Comestibles
 c - 5 rations


   Skills:
 + Level 3.3 Dodging
 - Level 2.1 Stealth
 + Level 2.3 Spellcasting
   Level 0.7 Conjurations
 * Level 4.1 Ice Magic


You had 5 spell levels left.
You knew the following spells:

 Your Spells              Type           Power        Failure   Level  Hunger
a - Freeze                Ice            ##..         4%          1    #......

Your spell library contained the following spells:

 Spells                   Type           Power        Failure   Level  Hunger
 Throw Frost              Conj/Ice       #.....       12%         2    ###....
 Ozocubu's Armour         Chrm/Ice       #.......     28%         3    ###....
 Throw Icicle             Conj/Ice       #.......     61%         4    #####..
 Summon Ice Beast         Ice/Summ       #.......     67%         4    #####..


Dungeon Overview and Level Annotations

Branches:
Dungeon (2/15)

Altars:

Annotations:
D:1 Terence


Message History

Terence resists.
You freeze Terence.
Terence is moderately wounded.
Terence completely misses you.
Casting: Freeze (safe; 4% risk of failure)
Confirm with . or Enter, or press ? or * to list all spells.
Aiming: Freeze (safe; 4% risk of failure)
Press: ? - help, Shift-Dir - straight line, f/p - Terence
Aim: Terence, wielding a +0 flail of crushing and wearing a +2 ring mail of cold resistance (moderately wounded) Terence completely resists.
You freeze Terence but do no damage.
Terence hits you with a +0 flail of crushing.
Casting: Freeze (safe; 4% risk of failure)
Confirm with . or Enter, or press ? or * to list all spells.
Aiming: Freeze (safe; 4% risk of failure)
Press: ? - help, Shift-Dir - straight line, f/p - Terence
Aim: Terence, wielding a +0 flail of crushing and wearing a +2 ring mail of cold resistance (moderately wounded) Terence resists.
You freeze Terence.
Terence is heavily wounded.
Terence hits you with a +0 flail of crushing!
* * * LOW HITPOINT WARNING * * *
You die...

............#############.#
.....######## #.# ######
###############.#
####...............#
#..................#
#...............^..#
#.......##########.#
########.......####### #.#
.......'.......@@....# #.#
########........####.# #.#
#........# #.# #.#
###############.####.# #.#
.......## #......# #.#
..<..♣..# #.###### #.#
.......## #.#....####.#
##'##### ######.#.........#
#...######...##.####.######


You could see Terence.

Vanquished Creatures
  An ooze (D:1)
  An adder skeleton (D:2)
  2 leopard geckos (D:1)
  A giant cockroach (D:1)
  3 goblins (D:1)
  2 hobgoblins (D:1)
  3 bats
  3 kobolds
  A leopard gecko skeleton (D:2)
  6 rats (D:1)
23 creatures vanquished.

Notes
Turn   | Place    | Note
-------+----------+-------------------------------------------
     0 | D:1      | Mrkan the Merfolk Ice Elementalist began the quest for the
                  | Orb.
     0 | D:1      | Reached XP level 1. HP: 13/13 MP: 3/3
   172 | D:1      | Reached XP level 2. HP: 19/19 MP: 0/5
   620 | D:1      | Reached skill level 4 in Ice Magic
   702 | D:1      | Reached XP level 3. HP: 21/24 MP: 4/6
  1241 | D:2      | Noticed Terence
  1289 | D:1      | HP: 1/24 [Terence/+0 flail of crushing (8)]
  1289 | D:1      | Slain by Terence

Skill      XL: |  1  2 |
---------------+-------+-----
Dodging        | 3 |  3.3
Ice Magic      | 4 |  4.1
Stealth        | |  2.1
Spellcasting   | |  2.3
Conjurations   | |  0.7

Action                   || total
-------------------------++-------
Melee: Unarmed           ||    42
 Cast: Freeze            ||    39
Armor: Robe              ||     9
Dodge: Dodged            ||    52
